 Dungeon Crawl Stone Soup version 0.32-a0-908-g8e5f33bbaa (webtiles) character file.

Game seed: 8658094891123895202

51 Nvm9 the Trooper (level 3, -1/29 HPs)
             Began as a Coglin Fighter on Apr 6, 2024.
             Slain by a gnoll
             ... wielding a +0 club
              (6 damage)
             ... on level 2 of the Dungeon.
             The game lasted 00:01:16 (1020 turns).

Nvm9 the Trooper (Coglin Fighter)                   Turns: 1020, Time: 00:01:17

Health: -1/29      AC:  6    Str: 18    XL:     3   Next: 81%
Magic:  3/3        EV:  8    Int:  7    God:
Gold:   34         SH:  0    Dex: 13    Spells: 2/2 levels left

rFire   . . .        a - +0 war axe {Suchat}
rCold   . . .        g - +0 flail {Eadwine}
rNeg    . . .        b - +0 scale mail
rPois   .            (no helmet)
rElec   .            (no cloak)
rCorr   .            (no gloves)
SInv    .            (no boots)
Will    .....        (amulet unavailable) Stlth
                     (ring unavailable)
HPRegen 0.24/turn    (ring unavailable)
MPRegen 0.08/turn    (no gizmo)

%: no passive effects
@: revved
A: off-hand wielding, slow wielding, warmup strikes, no jewellery
a: Invent Gizmo


You were on level 2 of the Dungeon.
You visited 1 branch of the dungeon, and saw 2 of its levels.

You collected 34 gold pieces.

Inventory:

Hand Weapons
 a - a +0 war axe (weapon) {Suchat}
 g - a +0 flail (offhand) {Eadwine}
Armour
 b - a +0 scale mail (worn)
 c - a +0 buckler
Scrolls
 f - a scroll of amnesia {unknown}
 i - 3 scrolls of identify {unknown}
 l - a scroll of vulnerability {unknown}
 m - a scroll of teleportation {unknown}
Potions
 d - 2 potions of might
 e - a potion of invisibility {unknown}
 h - a potion of degeneration {unknown}
 j - 2 potions of attraction {unknown}
 k - a potion of lignification {unknown}


   Skills:
 * Level 3.4 Fighting
 * Level 2.7(2.8) Axes
 + Level 0.2(1.5) Maces & Flails
 * Level 3.1 Armour
 + Level 0.1 Dodging
 - Level 2.3 Shields


You had 2 spell levels left.
You didn't know any spells.
Your spell library contained the following spells:

 Spells                   Type           Power      Damage    Failure   Level
 Necrotise                Necr           0%         1d4       82%         1
 Vampiric Draining        Necr           0%         2d6       99%         3
 Martyr's Knell           Necr/Summ      0%         N/A       100%        4
 Curse of Agony           Necr           0%         N/A       100%        5


Dungeon Overview and Level Annotations

Branches:
Dungeon (2/15)

Altars:


Innate Abilities, Weirdness & Mutations

You can wield a second weapon in your off-hand.
It takes a long time for you to wield or remove held weapons.
Your first few attacks do less damage.
You cannot equip rings or amulets.


Message History

A gnoll comes into view. It is wielding a +0 whip.
The gnoll shouts!
The endoplasm quivers.
The gnoll hits you but does no damage.
You hit the gnoll with your +0 war axe.
The gnoll is lightly wounded.
You barely miss the gnoll with your +0 flail.
The gnoll hits you with a +0 club. The gnoll closely misses you.
The endoplasm hits you but does no damage.
You hit the gnoll with your +0 flail.
The gnoll is moderately wounded.
You slash the gnoll with your +0 war axe!
You hit the endoplasm with your +0 war axe.
The gnoll hits you with a +0 club. The endoplasm hits you.
You thump the gnoll with your +0 flail!
You kill the gnoll!
You barely miss the endoplasm with your +0 war axe.
The endoplasm freezes you.
You are frozen.
The endoplasm hits you but does no damage.
You hit the endoplasm but do no damage.
The endoplasm is moderately wounded.
You barely miss the gnoll with your +0 war axe.
You barely miss the endoplasm with your +0 flail.
The gnoll hits you with a +0 club. The endoplasm barely misses you.
You hit the endoplasm with your +0 war axe.
You kill the endoplasm!
You hit the gnoll with your +0 war axe. x2; The gnoll hits you with a +0 club.
The gnoll hits you with a +0 whip.
You are too injured to fight recklessly!
You are too injured to fight recklessly!
There are monsters nearby!
You are too injured to fight recklessly!
You sock the gnoll with your +0 flail!
You kill the gnoll!
You barely miss the gnoll with your +0 war axe. x2
The gnoll barely misses you. The gnoll hits you with a +0 club!
* * * LOW HITPOINT WARNING * * *
The gnoll hits you with a +0 club.
You die...

#..#.##.## #....#
##..#...... #..#.#
.......... #...## ##..#..#.
#....# .<..†..#. #....#
##....##.##. #....#
.).......##..########....#
##.########....gg.....#.###
#.. ......)@..$......# #..
......######.#.##.# ###.
###.# #....# .# . # #....#
. .# #....# #....# #...##
..#.


You could see 2 gnolls.

Vanquished Creatures
  2 gnolls (D:2)
  2 dart slugs (D:1)
  5 ball pythons (D:1)
  2 endoplasms
  A giant cockroach (D:1)
  4 goblins
  3 hobgoblins
  2 jackals (D:1)
  3 quokkas
  A frilled lizard (D:1)
  3 kobolds
  9 rats
37 creatures vanquished.

Notes
Turn   | Place    | Note
-------+----------+-------------------------------------------
     0 | D:1      | Nvm9 the Coglin Fighter began the quest for the Orb.
     0 | D:1      | Reached XP level 1. HP: 18/18 MP: 1/1
    96 | D:1      | Reached XP level 2. HP: 22/24 MP: 2/2
   426 | D:1      | Reached XP level 3. HP: 27/29 MP: 3/3
  1020 | D:2      | Slain by a gnoll

Illustrated notes

Levels and vault maps discovered:
D:1:      minmay_arrival_split_and_join, layout_loops_ring,
          minmay_misc_feat_doors
D:2:      wad_river_or_something, layout_loops_ring,
          chequers_ecumenical_altar_simple, minmay_tetromino_o2

Skill      XL: |  1  2  3 |
---------------+----------+-----
Armour         | 3 |  3.1
Fighting       | |  3.4
Axes           | |  2.7
Maces & Flails | |  0.2
Dodging        | |  0.1
Shields        | |  2.3

Action                     || total
---------------------------++-------
  Melee: War axe           ||    73
         Flail             ||    36
 Armour: Scale mail        ||    65
  Dodge: Dodged            ||    27
  Block: Buckler           ||    11

Table legend: (Time is in decaauts)
 A = Elapsed time spent in this place.
 B = Non-inter-level travel time spent in this place.
 C = Inter-level travel time spent in this place.
 D = Time resting spent in this place.
 E = Time spent auto-exploring this place.
 F = Levels seen in this place.
 G = Mean time per level.
                   A        B        C        D        E       F      G
               +--------+--------+--------+--------+--------+-----+--------+
         Total |   1049 |   1007 |     42 |      0 |    791 |   2 |  524.5 |
       Dungeon |   1049 |   1007 |     42 |      0 |    791 |   2 |  524.5 |
               +--------+--------+--------+--------+--------+-----+--------+

Top non-repeatable levels by time:
     D:1: 877 daAuts
     D:2: 171 daAuts
